 Dungeon Crawl Stone Soup version 0.20-a0-833-gc632bec (webtiles) character file.

164879 pisechka the Executioner (level 17, -10/164 HPs)
             Began as a Minotaur Berserker on Mar 5, 2017.
             Was the Champion of Trog.
             Blown up by an orb spider (34 damage)
             ... with an orb of destruction
             ... on level 4 of the Spider Nest on Mar 7, 2017.
             The game lasted 04:18:10 (33246 turns).

pisechka the Executioner (Minotaur Berserker)      Turns: 33246, Time: 04:18:11

Health: -10/164    AC: 35    Str: 32      XL:     17   Next: 26%
Magic:  35/35      EV: 12    Int:  7 (8)  God:    Trog [******]
Gold:   1772       SH:  0    Dex:  9      Spells: 16/16 levels left

rFire    + . .     SeeInvis +   x - +5 executioner's axe (freeze)
rCold    + . .     Gourm    .   k - +3 crystal plate armour
rNeg     . . .     Faith    +   (shield currently unavailable)
rPois    +         Spirit   .   F - +3 hat of Pondering {ponderous, MR+ MP+10 Int+5}
rElec    +         Reflect  .   C - scarf {rC+ rF+}
rCorr    +         Harm     .   G - +0 pair of gloves
MR       ++...                  l - +0 pair of boots
Stlth    ..........             e - amulet of faith
Regen    0.4/turn               g - ring of resist corrosion
MPRegen  0.3/turn               M - ring of Qeucras {rPois MP+9 Int-3 SInv}

@: studying Fighting, slow
A: retaliatory headbutt, horns 2, talons 1, iridescent scales 1, rugged brown
scales 1, blink, clever 1, clumsy 1, deterioration 1, electricity resistance,
strong 2, evolution 1
a: Blink, Berserk, Trog's Hand, Brothers in Arms, Burn Spellbooks, Renounce
Religion


You were on level 4 of the Spider Nest.
You worshipped Trog.
Trog was exalted by your worship.
You were not hungry.

You visited 5 branches of the dungeon, and saw 28 of its levels.
You also visited: Labyrinth, Bailey and Ice Cave.

You collected 3023 gold pieces.
You spent 1251 gold pieces at shops.

Inventory:

Hand Weapons
 x - a +5 executioner's axe of freezing (weapon)
 N - a +3 scimitar of flaming
 W - a +5 blowgun
Missiles
 p - 2 javelins (quivered)
Armour
 k - a +3 crystal plate armour (worn)
 l - a +0 pair of boots (worn)
 C - a scarf of resistance (worn)
 F - the +3 hat of Pondering (worn) {ponderous, MR+ MP+10 Int+5}
   (You took it off Gastronok on level 3 of the Lair of Beasts)

   It affects your intelligence (+5).
   It affects your resistance to hostile enchantments.
   It affects your magic capacity (+10).
 G - a +0 pair of gloves (worn)
Jewellery
 e - an amulet of faith (around neck)
 g - a ring of resist corrosion (right hand)
 H - a +2 ring of protection
 M - the ring of Qeucras (left hand) {rPois MP+9 Int-3 SInv}
   (You acquired it on level 1 of the Spider Nest)

   [ring of magical power]

   It affects your intelligence (-3).
   It protects you from poison.
   It affects your magic capacity (+9).
   It lets you see invisible.
Wands
 s - a wand of digging (9/24)
Scrolls
 n - 4 scrolls of recharging
 o - 3 scrolls of magic mapping
 q - 12 scrolls of teleportation
 u - 16 scrolls of remove curse
 y - 7 scrolls of identify
 B - a scroll of immolation
 I - 2 scrolls of holy word
 J - a scroll of enchant armour
 K - a scroll of blinking
 L - 4 scrolls of fear
 O - 2 scrolls of torment
Potions
 b - 8 potions of might
 h - 10 potions of curing
 i - 2 potions of berserk rage
 m - 8 potions of lignification
 r - a potion of heal wounds
 t - 7 potions of flight
 v - 3 potions of haste
 z - 4 potions of agility
 A - a potion of ambrosia
 D - 7 potions of resistance
 E - 2 potions of brilliance
 P - a potion of invisibility
Books
 Q - a manual of Fighting
Comestibles
 c - 12 bread rations
 d - 20 royal jellies
 f - 12 fruits
 j - 14 meat rations


   Skills:
 + Level 16.8 Fighting
 + Level 24.6 Axes
 + Level 14.8 Armour
 - Level 13.2 Dodging


You had 16 spell levels left.
You didn't know any spells.

Dungeon Overview and Level Annotations

Branches:
Dungeon (15/15)            Temple (1/1) D:4            Lair (6/6) D:10
 Shoals (0/4) Lair:2       Spider (4/4) Lair:2        Slime (0/5) Lair:5
    Orc (2/2) D:11            Elf (0/3) Orc:2        Vaults (0/5) D:13
 Depths (0/5) D:15

Altars:
Ashenzari
Cheibriados
Dithmenos
Elyvilon
Fedhas
Gozag
Hepliaklqana
Kikubaaqudgha
Makhleb
Nemelex Xobeh
Okawaru
Qazlal
Ru
Sif Muna
Trog
Uskayaw
Vehumet
Wu Jian
Xom
Yredelemnul
Zin
The Shining One
Beogh

Shops:
D:4 *   Orc:2 *[%}*


Innate Abilities, Weirdness & Mutations

You reflexively headbutt those who attack you in melee.
You have a pair of horns on your head.
You have sharp toenails.
You are partially covered in iridescent scales. (AC +2)
You are partially covered in rugged brown scales. (AC +1, +3% HP)
You can translocate small distances at will.
Your mind is acute. (Int +2)
You are clumsy. (Dex -2)
Your body sometimes deteriorates upon taking damage.
You are resistant to electric shocks. (rElec)
Your muscles are very strong. (Str +4)
You evolve.


Message History

An orb of destruction comes into view.
Your crystal plate armour prevents you from hitting the tarantella.
The orb of destruction hits you! The tarantella bites you.
The tarantella bites you but does no damage.
You carve the tarantella like a ham!!! You freeze the tarantella!
You kill the tarantella!
Trog accepts your kill.
The wavering orb of destruction hits you!
You see here a tarantella corpse.
The orb spider weaves a glowing orb of energy.
The orb spider pulsates with a strange energy.
An orb of destruction comes into view.
The orb spider weaves a glowing orb of energy.
An orb of destruction comes into view.
The orb of destruction hits you!
* * * LOW HITPOINT WARNING * * *
The orb spider begins to weave its threads into a brightly glowing ball.
There is a stone staircase leading up here.
The orb of destruction hits you!
You die...

##...^..§..#.......#...$.
###^...†###...^#...#.#...
##..###<##...#..#........#
#.#..#^#.^..###.^.#...#...
#. ...^....†...s#.^#.......
#..^#.#....#.s.s§†...#^^.#.
.#.....#.^...#§s..#..##...
....^##...##§§§..#((.(.^...
###.#..^..#@§.##.#..#.......
#......#).##.....#.#.#..#.
^.#......<...#^........#..
....^#...#......#(.......*
#.^....##.....#...#(..#.#.
##..#.##..#..#..#..^.#....
#.......#....##...#.##..#.
###..#.............#...#$.
###...=#..#...^......#..


You could see 3 orb spiders.

Vanquished Creatures
  Asterion (Spider:3)
  Gastronok (Lair:3)
  A ghost moth (Spider:4)
  A frost giant (IceCv)
  2 orc warlords (Orc:2)
  6 emperor scorpions
  3 entropy weavers
  Azrael (Spider:2)
  6 dire elephants (Lair:6)
  A spark wasp (Spider:4)
  A minotaur (Lab)
  Snorg (D:10)
  The ghost of Graouh the Basher, a journeyman MiFi of Okawaru (D:12)
  4 vault guards (D:13)
  5 hydras
  2 catoblepae (D:13)
  Erica (D:8)
  5 centaur warriors
  5 two-headed ogres
  5 death yaks (Lair:6)
  An anaconda (Lair:6)
  A vampire mage (D:15)
  2 tengu warriors
  Sonja (D:14)
  6 skeletal warriors
  3 unseen horrors
  11 orb spiders
  4 deep elf magi
  8 wizards (D:14)
  A necromancer (D:15)
  9 orc knights
  A manticore (Lair:2)
  22 wolf spiders
  3 moths of wrath
  3 cyclopes
  9 ugly things
  Maurice (D:8)
  2 orc sorcerers (Orc:2)
  2 ice statues (IceCv)
  2 torpor snails (Lair:5)
  4 elephants (Lair:6)
  2 centaur skeletons
  8 spiny frogs
  4 gargoyles
  4 rime drakes
  7 komodo dragons
  6 demonic crawlers
  2 kobold demonologists (Bailey)
  A spriggan zombie (D:15)
  An efreet (D:15)
  26 jumping spiders
  A minotaur zombie (Lab)
  A queen bee (D:12)
  7 trolls
  A meliai (D:12)
  A tengu conjurer (D:15)
  A hornet (shapeshifter) (D:14)
  Grinder (D:5)
  13 polar bears
  6 blink frogs
  A harpy skeleton (D:15)
  6 hornets
  A deep troll zombie (D:15)
  4 slime creatures (D:15)
  Prince Ribbit (D:7)
  A dream sheep (Lair:5)
  14 hippogriffs
  2 fire dragon zombies (D:15)
  62 redbacks
  49 yaks
  23 tarantellas
  2 wraiths (D:14)
  2 wyverns
  4 basilisks
  3 fire elementals (Spider:2)
  4 hogs (Lair:5)
  A hungry ghost (D:9)
  7 vampire mosquitoes
  10 wargs (Orc:2)
  Duvessa (D:5)
  5 hell hounds (Spider:2)
  5 water moccasins
  9 porcupines
  54 orc warriors
  A black bear (D:12)
  A necrophage (D:11)
  2 phantoms
  8 sky beasts
  13 wolves
  9 ogres
  13 crocodiles
  24 centaurs
  3 big kobolds
  Blork the orc (D:4)
  23 bullfrogs
  Dowan (D:5)
  7 scorpions
  2 water moccasin skeletons
  16 killer bees
  8 wights
  5 electric eels
  2 howler monkeys
  4 crimson imps
  A quasit (D:6)
  A centaur zombie (D:12)
  A bullfrog zombie (D:13)
  19 orc priests
  Crazy Yiuf (D:7)
  3 hounds
  4 jellies
  32 orc wizards
  4 bullfrog skeletons
  Jessica (D:3)
  8 iguanas
  9 worker ants
  A killer bee zombie (D:9)
  A hound zombie (D:10)
  2 worker ant zombies (D:9)
  9 adders
  11 gnolls
  8 shadow imps
  12 white imps (Orc:1)
  5 oozes
  An adder zombie (D:7)
  3 adder skeletons
  5 worms
  3 dart slugs
  6 leopard geckos
  99 orcs
  8 giant cockroaches
  15 hobgoblins
  6 jackals
  14 kobolds
  6 quokkas
  2 ball pythons
  4 bats
  2 frilled lizards
  13 goblins
  A leopard gecko skeleton (D:4)
  A quokka skeleton (D:9)
  2 quokka zombies
  3 rats (D:2)
  3 fungi
  13 plants
999 creatures vanquished.

Vanquished Creatures (collateral kills)
  Kirke (Lair:5)
  2 hydras
  A two-headed ogre (D:15)
  2 ogre magi (D:14)
  4 wizards (D:14)
  A wolf spider zombie (D:15)
  3 orc knights (Orc:2)
  2 deep elf magi
  4 ugly things (D:15)
  2 cyclopes
  A centaur zombie (D:15)
  2 efreet (D:15)
  A komodo dragon (D:15)
  2 meliai (D:12)
  2 slime creatures (D:15)
  A shadow (D:15)
  A vampire (D:15)
  A hungry ghost (D:13)
  A water moccasin (Lair:5)
  8 orc warriors
  2 centaurs
  9 killer bees (D:12)
  An orc priest (Orc:2)
  A hound (D:13)
  4 orc wizards (Orc:2)
  14 orcs
73 creatures vanquished.

Vanquished Creatures (others)
  A wizard (D:14)
  2 fungi (Lair:5)
  6 withered plants (D:15)
9 creatures vanquished.

Grand Total: 1081 creatures vanquished

Notes
Turn   | Place    | Note
-------+----------+-------------------------------------------
     0 | D:1      | pisechka the Minotaur Berserker began the quest for the Orb.
     0 | D:1      | Reached XP level 1. HP: 19/19 MP: 0/0
   328 | D:1      | Reached skill level 4 in Axes
   328 | D:1      | Reached XP level 2. HP: 15/27 MP: 1/1
  1193 | D:2      | Reached XP level 3. HP: 27/33 MP: 2/2
  1337 | D:2      | Reached ** piety under Trog
  1598 | D:2      | Found a white marble altar of Elyvilon.
  1758 | D:2      | Reached XP level 4. HP: 23/40 MP: 3/3
  2302 | D:3      | Noticed Jessica
  2311 | D:3      | Killed Jessica
  2469 | D:3      | Reached XP level 5. HP: 38/47 MP: 4/4
  2755 | D:3      | Reached *** piety under Trog
  2822 | D:3      | Reached skill level 5 in Axes
  3558 | D:4      | Found Cafriaku's Assorted Antiques.
  3651 | D:4      | Found a staircase to the Ecumenical Temple.
  3690 | D:4      | Bought a green potion for 29 gold pieces
  3690 | D:4      | Bought a scroll labeled SAUTAD COBU for 33 gold pieces
  3690 | D:4      | Bought a scroll labeled MEILLYO UCOUHO for 33 gold pieces
  3690 | D:4      | Bought a scroll of identify for 66 gold pieces
  3711 | D:4      | Reached skill level 5 in Fighting
  3713 | D:4      | Reached XP level 6. HP: 56/56 MP: 5/5
  3787 | D:4      | Noticed Blork the orc
  3804 | D:4      | Killed Blork the orc
  3955 | D:4      | Found a faded altar of an unknown god.
  4320 | Temple   | Entered the Ecumenical Temple
  4572 | D:5      | Entered Level 5 of the Dungeon
  4574 | D:5      | Noticed a sky beast
  4578 | D:5      | Killed a sky beast
  4613 | D:5      | Noticed Grinder
  4618 | D:5      | Killed Grinder
  4618 | D:5      | Reached skill level 6 in Axes
  4618 | D:5      | Reached skill level 5 in Armour
  4618 | D:5      | Reached XP level 7. HP: 63/63 MP: 6/6
  4737 | D:5      | Found a sacrificial altar of Ru.
  4831 | D:5      | Reached skill level 5 in Dodging
  4884 | D:5      | Found an iron altar of Okawaru.
  4907 | D:5      | Noticed Duvessa
  4912 | D:5      | Noticed Dowan
  4917 | D:5      | Killed Duvessa
  4920 | D:5      | Killed Dowan
  4920 | D:5      | Reached XP level 8. HP: 71/71 MP: 7/7
  5023 | D:5      | Reached skill level 7 in Axes
  5124 | D:5      | Reached **** piety under Trog
  5917 | D:7      | Noticed Prince Ribbit
  5930 | D:7      | Killed Prince Ribbit
  5930 | D:7      | Reached skill level 8 in Axes
  5930 | D:7      | Reached XP level 9. HP: 62/81 MP: 8/8
  6314 | D:7      | Found a runed door.
  6629 | D:7      | Noticed Crazy Yiuf
  6673 | D:7      | Killed Crazy Yiuf
  6955 | D:8      | Noticed Maurice
  6970 | D:8      | Killed Maurice
  6970 | D:8      | Reached skill level 9 in Axes
  7204 | D:8      | Noticed Erica
  7216 | D:8      | Killed Erica
  7511 | D:8      | Reached XP level 10. HP: 79/91 MP: 9/9
  7979 | D:8      | Found an opulent altar of Gozag.
  8014 | D:8      | Found a sparkling altar of Nemelex Xobeh.
  8049 | D:8      | You fall through a shaft for 3 floors!
  8049 | D:11     | Noticed a purple ugly thing
  8064 | D:11     | Killed a purple ugly thing
  8078 | D:11     | Killed an unseen horror
  8078 | D:11     | Reached skill level 10 in Fighting
  8078 | D:11     | Reached skill level 10 in Axes
  8098 | D:11     | Gained mutation: Your muscles are strong. (Str +2) [mutagenic meat]
  8099 | D:11     | Gained mutation: You are surrounded by a mild repulsion field. (EV +2) [mutagenic meat]
  8100 | D:11     | Gained mutation: You are partially covered in iridescent scales. (AC +2) [mutagenic meat]
  8208 | D:11     | Gained mutation: You are partially covered in rugged brown scales. (AC +1, +3% HP) [mutagenic meat]
  8209 | D:11     | Gained mutation: You are frail. (-10% HP) [mutagenic meat]
  8257 | D:11     | Noticed a red ugly thing
  8278 | D:11     | Killed a red ugly thing
  8305 | D:10     | Entered Level 10 of the Dungeon
  8324 | D:10     | Noticed a two-headed ogre
  8328 | D:10     | Killed a two-headed ogre
  8328 | D:10     | Reached skill level 10 in Armour
  8339 | D:10     | Received a gift from Trog
  8559 | D:10     | Found a flagged portal.
  8561 | D:10     | Noticed a two-headed ogre
  8572 | D:10     | Killed a two-headed ogre
  8669 | Bailey   | Entered a bailey
  8706 | Bailey   | Reached XP level 11. HP: 82/93 MP: 10/10
  8724 | Bailey   | Noticed an orc knight
  8736 | Bailey   | Killed an orc knight
  8740 | Bailey   | Reached skill level 11 in Axes
  8742 | Bailey   | Reached ***** piety under Trog
  8744 | Bailey   | Found an iron altar of Okawaru.
  8851 | Bailey   | Lost mutation: Your muscles are strong. (Str +2) [potion of mutation]
  8851 | Bailey   | Lost mutation: You are frail. (-10% HP) [potion of mutation]
  8851 | Bailey   | Lost mutation: You are surrounded by a mild repulsion field. (EV +2) [potion of mutation]
  8851 | Bailey   | Gained mutation: You evolve. [potion of mutation]
  8851 | Bailey   | Gained mutation: Your muscles are strong. (Str +2) [potion of mutation]
  8851 | Bailey   | Gained mutation: You are resistant to electric shocks. (rElec) [potion of mutation]
  9033 | Bailey   | Noticed an orc knight
  9046 | Bailey   | Killed an orc knight
  9149 | Bailey   | Received a gift from Trog
  9239 | Bailey   | Reached skill level 12 in Axes
  9482 | D:10     | Found a staircase to the Lair.
  9490 | D:10     | Noticed Snorg
  9507 | D:10     | Killed Snorg
  9967 | D:10     | Noticed a two-headed ogre
  9972 | D:10     | Killed a two-headed ogre
  9972 | D:10     | Reached skill level 13 in Axes
 10254 | D:9      | Gained mutation: You are dopey. (Int -2) [evolution]
 10439 | D:9      | Found a radiant altar of Vehumet.
 10932 | D:9      | Found a snail-covered altar of Cheibriados.
 10935 | D:9      | Found a shattered altar of Ashenzari.
 10938 | D:9      | Found a burning altar of Makhleb.
 11126 | D:9      | Killed an unseen horror
 11126 | D:9      | Reached skill level 14 in Axes
 11610 | D:9      | Gained mutation: Your muscles are very strong. (Str +4) [evolution]
 11648 | Lair:1   | Entered Level 1 of the Lair of Beasts
 11652 | Lair:1   | Reached XP level 12. HP: 113/113 MP: 11/11
 11659 | Lair:1   | Reached skill level 15 in Axes
 11762 | Lair:1   | Noticed a six-headed hydra
 11782 | Lair:1   | Killed a four-headed hydra
 11782 | Lair:1   | Received a gift from Trog
 12767 | Lair:2   | Found a hole to the Spider Nest.
 12812 | Lair:2   | Reached skill level 16 in Axes
 13209 | Lair:2   | Found a staircase to the Shoals.
 13481 | Lair:3   | Reached skill level 17 in Axes
 13709 | Lair:3   | Noticed Gastronok
 13722 | Lair:3   | Killed Gastronok
 14215 | Lair:4   | Reached skill level 18 in Axes
 14224 | Lair:4   | Found a labyrinth entrance.
 14231 | Lab      | Entered a labyrinth
 14361 | Lab      | Gained mutation: You have sharp toenails. [evolution]
 14425 | Lab      | Noticed a minotaur
 14428 | Lab      | Killed a minotaur
 14460 | Lab      | Identified the Tome of the Glacier and Beguiling
 14625 | Lair:4   | Reached XP level 13. HP: 114/119 MP: 12/12
 15322 | Lair:5   | Noticed Kirke
 15322 | Lair:5   | Reached ****** piety under Trog
 15337 | Lair:5   | Killed Kirke
 15337 | Lair:5   | Reached skill level 19 in Axes
 15345 | Lair:5   | Upgraded the game from 0.20-a0-823-gdec668e to 0.20-a0-830-g2c9a30d
 15454 | Lair:5   | Received a gift from Trog
 15491 | Lair:5   | Found a staircase to the Slime Pits.
 15551 | Lair:5   | Gained mutation: You are clumsy. (Dex -2) [evolution]
 16775 | Lair:6   | Entered Level 6 of the Lair of Beasts
 16800 | Lair:6   | Reached skill level 20 in Axes
 17470 | Lair:6   | Reached skill level 21 in Axes
 17791 | Lair:6   | Noticed a dire elephant
 17799 | Lair:6   | Killed a dire elephant
 18057 | Lair:6   | Noticed a dire elephant
 18057 | Lair:6   | Noticed a dire elephant
 18067 | Lair:6   | Killed a dire elephant
 18067 | Lair:6   | Reached XP level 14. HP: 127/127 MP: 13/13
 18146 | Lair:6   | Got a flickering diamond amulet
 18148 | Lair:6   | Identified the amulet of Moodiness {Harm *Drain rPois MP-9 Str+9} (You found it on level 6 of the Lair of Beasts)
 18832 | D:11     | Reached skill level 22 in Axes
 18837 | D:11     | Received a gift from Trog
 18984 | D:11     | Found a staircase to the Orcish Mines.
 19283 | Orc:1    | Entered Level 1 of the Orcish Mines
 19283 | Orc:1    | Found a roughly hewn altar of Beogh.
 19324 | Orc:1    | Found a frozen archway.
 19344 | IceCv    | Entered an ice cave
 19872 | IceCv    | Noticed a frost giant
 19876 | IceCv    | Received a gift from Trog
 19892 | IceCv    | Killed a frost giant
 20615 | Orc:2    | Entered Level 2 of the Orcish Mines
 20635 | Orc:2    | Noticed an orc warlord
 20665 | Orc:2    | Killed an orc warlord
 20665 | Orc:2    | Reached skill level 23 in Axes
 20815 | Orc:2    | Found a roughly hewn altar of Beogh.
 20897 | Orc:2    | Found Harum's General Store.
 20913 | Orc:2    | Bought a scroll of identify for 34 gold pieces
 20913 | Orc:2    | Bought a scroll of immolation for 59 gold pieces
 20913 | Orc:2    | Bought a potion of curing for 51 gold pieces
 21044 | Orc:2    | Received a gift from Trog
 21252 | Orc:2    | Found a roughly hewn altar of Beogh.
 21281 | Orc:2    | Noticed an orc warlord
 21283 | Orc:2    | Found Misibiod's Assorted Antiques.
 21284 | Orc:2    | Found Juxtul's Antique Armour Shop.
 21303 | Orc:2    | Killed an orc warlord
 21303 | Orc:2    | Reached skill level 10 in Dodging
 21310 | Orc:2    | HP: 5/190 [orc knight/halberd of protection (25)]
 21610 | Orc:2    | Received a gift from Trog
 21639 | Orc:2    | Bought a scroll labeled JALYONW TALOUQ for 36 gold pieces
 21639 | Orc:2    | Bought a scroll of enchant armour for 270 gold pieces
 21639 | Orc:2    | Bought a scroll of identify for 72 gold pieces
 21639 | Orc:2    | Bought a scroll of identify for 72 gold pieces
 21702 | Orc:2    | Found Gewk's Food Emporium.
 22003 | Orc:2    | Found Voomp's Gadget Shop.
 22010 | Orc:2    | Bought a royal jelly for 26 gold pieces
 22010 | Orc:2    | Bought a royal jelly for 26 gold pieces
 22010 | Orc:2    | Bought a meat ration for 65 gold pieces
 22010 | Orc:2    | Bought a bread ration for 65 gold pieces
 22010 | Orc:2    | Bought a royal jelly for 26 gold pieces
 22072 | Orc:2    | Reached XP level 15. HP: 122/135 MP: 14/14
 22228 | Orc:2    | Found a staircase to the Elven Halls.
 22576 | Orc:2    | Bought a runed scarf for 288 gold pieces
 22597 | Orc:2    | Got a polished battleaxe {god gift}
 22598 | Orc:2    | Identified the +6 battleaxe of Capital Punishment {chop, Stlth+} (Trog gifted it to you on level 2 of the Orcish Mines)
 22788 | D:12     | Received a gift from Trog
 22882 | D:12     | Gained mutation: You can translocate small distances at will. [evolution]
 23467 | D:12     | Received a gift from Trog
 23590 | D:12     | Noticed Graouh's ghost (journeyman MiFi)
 23606 | D:12     | Killed Graouh's ghost
 23859 | D:13     | Found a gate to the Vaults.
 24069 | D:13     | Found a burning altar of Makhleb.
 24385 | D:14     | Found a stormy altar of Qazlal.
 24918 | D:14     | Noticed Sonja
 24923 | D:14     | Received a gift from Trog
 24930 | D:14     | Killed Sonja
 25423 | D:14     | Upgraded the game from 0.20-a0-830-g2c9a30d to 0.20-a0-833-gc632bec
 25438 | D:15     | Entered Level 15 of the Dungeon
 25468 | D:15     | Received a gift from Trog
 25712 | D:15     | Found a sacrificial altar of Ru.
 25788 | D:15     | Lost mutation: You are dopey. (Int -2) [evolution]
 25872 | D:15     | Received a gift from Trog
 26292 | D:15     | Reached XP level 16. HP: 148/148 MP: 15/15
 26302 | D:15     | Found a staircase to the Depths.
 28294 | Spider:1 | Entered Level 1 of the Spider Nest
 28300 | Spider:1 | Received a gift from Trog
 28477 | Spider:1 | Got a transparent copper ring
 28479 | Spider:1 | Identified the ring of Qeucras {rPois MP+9 Int-3 SInv} (You acquired it on level 1 of the Spider Nest)
 29223 | Spider:1 | Reached skill level 24 in Axes
 29462 | Spider:1 | Gained mutation: Your mind is acute. (Int +2) [evolution]
 29971 | Spider:2 | Noticed Azrael
 29993 | Spider:2 | Killed Azrael
 30289 | Spider:3 | Noticed Asterion
 30292 | Spider:3 | Received a gift from Trog
 30307 | Spider:3 | Killed Asterion
 30754 | Spider:3 | Reached skill level 15 in Fighting
 31136 | Spider:4 | Entered Level 4 of the Spider Nest
 31148 | Spider:4 | Received a gift from Trog
 31678 | Spider:4 | Reached XP level 17. HP: 114/162 MP: 16/16
 32145 | Spider:3 | Received a gift from Trog
 32254 | Spider:4 | Gained mutation: Your body sometimes deteriorates upon taking damage. [evolution]
 33246 | Spider:4 | Blown up by an orb spider

Vault maps used:
D:1:      eino_arrival_tree_alley
D:2:      lemuel_crystal_altar
D:3:      uniq_jessica
D:4:      nicolae_temple_entry_ecumenical, serial_shops, shop,
          uniq_blork_the_orc
D:5:      kennysheep_okawaru_gauntlet, old_standard_altar, first_bread,
          minmay_crystal_room, uniq_grinder, uniq_duvessa
D:7:      uniq_prince_ribbit1, uniq_crazy_yiuf_cottage
D:8:      grunt_gozag_breadcrumbs, kennysheep_mini_moat, blue_anna_alchemist,
          uniq_erica, uniq_maurice
D:9:      kennysheep_windowed_halls, kennysheep_mini,
          grunt_temple_overflow_diamond, minmay_curled_crystal
D:10:     lair_entry_dummy, enter_bailey_1, uniq_snorg
D:11:     david_orc_4, st_stairs_5
D:12:     minmay_misc_feat_roman
D:13:     lightli_vaults_fourway_checkpoint, lemuel_hellish_altar
D:14:     minmay_tri_stars, basic_altar, hangedman_decor_slide_cut, uniq_sonja
D:15:     gammafunk_depths_entry_grave, nicolae_ru_awakened_eye
Temple:   oiseaux_autumnal_temple
Lair:1:   beast_lair_carwin_4
Lair:2:   minmay_shoals_entry_beasts, dummy_spider_entry
Lair:3:   uniq_gastronok
Lair:4:   lab_entry_generic, lookout_lair_type
Lair:5:   nicolae_slime_entry_slimehenge, hangedman_lair_generics_rect,
          uniq_kirke
Lair:6:   due_jungle_book
Spider:2: uniq_azrael
Spider:3: special_room, uniq_asterion
Spider:4: guppyfry_spider_rune
Orc:1:    portal_ice_cave_entry_imps, basic_altar
Orc:2:    st_orc_town, serial_shops, nicolae_shop_crystal, mines1_david
Lab:      labyrinth_hidden_loot, lab_hedge, nicolae_lab_lava,
          labyrinth_skeletal_remains
Bailey:   bailey_axe_of_yendor_kennysheep, bailey
IceCv:    ice_cave_small_giant

Skill      XL: |  1  2  3  4  5  6  7  8  9 10 11 12 13 14 15 16 17 |
---------------+----------------------------------------------------+-----
Axes           | 4 5 6 8 9 10 14 18 21 23 24 | 24.6
Armour         | 3 4 5 7 9 10 11 12 14 | 14.8
Fighting       | 4 5 6 8 9 10 11 13 15 16 | 16.8
Dodging        | 3 4 5 6 8 9 10 11 13 | 13.2

Action                   |  1- 3 |  4- 6 |  7- 9 | 10-12 | 13-15 | 16-18 || total
-------------------------+-------+-------+-------+-------+-------+-------++-------
Melee: Hand axe          |    90 |   102 |   240 |   115 |       |       ||   547
       Headbutt          |    13 |    24 |    40 |   106 |   194 |   103 ||   480
       Broad axe         |       |       |       |   138 |       |       ||   138
       War axe           |       |       |       |    77 |       |       ||    77
       Battleaxe         |       |       |       |    18 |       |       ||    18
       Executioner's axe |       |       |       |   139 |   830 |   493 ||  1462
       Scimitar          |       |       |       |     5 |    77 |       ||    82
Throw: Javelin           |       |     9 |       |       |    17 |    15 ||    41
Invok: Berserk           |     1 |     4 |     2 |    10 |    24 |     3 ||    44
       Trog's Hand       |       |       |       |     2 |     6 |     1 ||     9
       Brothers in Arms  |       |       |       |       |    13 |       ||    13
Evoke: Wand              |       |       |       |       |     2 |     4 ||     6
  Use: Scroll            |     6 |    11 |     2 |    12 |    14 |     3 ||    48
       Potion            |       |       |       |     2 |     5 |     1 ||     8
 Stab: Petrified         |       |       |       |       |     1 |       ||     1
  Eat: Chunk             |     4 |     4 |    11 |    27 |    50 |     6 ||   102
       Bread ration      |       |     2 |       |       |       |       ||     2
       Fruit             |       |       |       |    12 |    15 |     5 ||    32
       Royal jelly       |       |       |       |       |     1 |     8 ||     9
       Meat ration       |       |       |       |       |     1 |       ||     1
Armor: Animal skin       |    25 |     7 |       |       |       |       ||    32
       Scale mail        |       |     9 |       |       |       |       ||     9
       Chain mail        |       |     3 |    90 |   117 |       |       ||   210
       Plate armour      |       |       |    20 |    73 |       |       ||    93
       Crystal plate arm |       |       |       |   122 |   846 |   479 ||  1447
Dodge: Dodged            |    52 |    60 |    96 |   272 |   484 |   313 ||  1277
       Rpst.: Scimitar   |       |       |       |     1 |    16 |       ||    17
